 Dungeon Crawl Stone Soup version 0.14-a0-2839-g31ee8e6 (webtiles) character file.

1971252 Psiweapon the Slayer (level 27, 175/175 HPs)
             Began as a Gargoyle Gladiator on Feb 26, 2014.
             Was the Champion of Okawaru.
             Escaped with the Orb
             ... and 4 runes on Mar 1, 2014!
             The game lasted 16:40:10 (97128 turns).

Psiweapon the Slayer (Gargoyle Gladiator)          Turns: 97128, Time: 16:40:11

HP 175/175       AC 74     Str 33      XL: 27
MP  42/44        EV 13     Int 11      God: Okawaru [******]
Gold 1853        SH  0     Dex 13      Spells:  2 memorised, 24 levels left

rFire  + + +     SeeInvis .     n - +7,+9 lajatang (vamp)
rCold  + . .     Clarity  .     O - +11 gold dragon armour
rNeg   + . .     Conserve +     (no shield)
rPois  +         rCorr    +     r - +0 helmet "Rearuet" {+Inv Int+1}
rElec  +         rRot     +     x - +2 cloak {rCorr, Cons}
SustAb . .       Spirit   .     X - +0 pair of gloves {Dex+3}
rMut   +         Warding  .     V - +1 pair of boots {run}
Saprov . . .     Stasis   .     g - amulet of resist mutation
MR     ++++.                    l - ring "Fuevvoig" {rF+ MR++ Str+2 Acc+2}
                                U - ring of protection from fire

@: flying, heroism, finesse, quick, incredibly resistant to hostile
enchantments, extremely unstealthy
A: large and strong wings, iridescent scales 1, yellow scales 1, fast metabolism
1, frail 1, life protection 1, electricity resistance, unbreathing,
petrification resistance, AC +20
a: Stop Flying, Heroism, Finesse, Renounce Religion, Evoke Invisibility
0: Orb of Zot
}: 4/15 runes: barnacled, silver, abyssal, gossamer


You escaped.
You worshipped Okawaru.
Okawaru was exalted by your worship.
You were full.

You visited 10 branches of the dungeon, and saw 58 of its levels.
You visited the Abyss 2 times.
You also visited: Wizlab.

You collected 9156 gold pieces.
You spent 7303 gold pieces at shops.

Inventory:

Hand weapons
 c - the +7,+7 lajatang of Awkiyrio {slice, Hunger +Blink rElec rPois rN+ SInv}
   (Okawaru gifted it to you on level 2 of the Vaults)

   It inflicts extra damage upon your enemies.
   It insulates you from electricity.
   It protects you from poison.
   It protects you from negative energy.
   It enhances your eyesight.
   It lets you blink.
   It speeds your metabolism.
 n - a +7,+9 vampiric lajatang (weapon)
 R - the +10,+4 broad axe of Shebuol {drain, -Cast +Blink +Inv MR++, unknown}
   (Okawaru gifted it to you on level 5 of the Realm of Zot)

   A truly terrible weapon, it drains the life of those it strikes.
   It affects your resistance to hostile enchantments.
   It lets you turn invisible.
   It lets you blink.
   It prevents spellcasting.
Armour
 r - the +0 helmet "Rearuet" (worn) {+Inv Int+1}
   (Okawaru gifted it to you on level 5 of the Spider Nest)

   It affects your intelligence (+1).
   It lets you turn invisible.
 x - a +2 cloak of preservation (worn)
 O - a +11 gold dragon armour (worn)
 V - a +1 pair of boots of running (worn)
 X - a +0 pair of gloves of dexterity (worn)
Magical devices
 a - a wand of invisibility (5)
 j - a wand of digging (5)
 m - a wand of draining (4)
 D - a wand of heal wounds (6)
 G - a wand of hasting (6)
 I - a wand of disintegration (4)
 J - a wand of heal wounds (9)
 K - a wand of teleportation (4)
 Z - a wand of cold (2)
Comestibles
 q - 15 bread rations
Scrolls
 f - 2 scrolls of blinking
 N - 4 scrolls of immolation
 S - 3 scrolls of fog
 W - 14 scrolls of remove curse
Jewellery
 g - an amulet of resist mutation (around neck)
 h - an uncursed ring of teleport control
 i - an uncursed ring of protection from cold
 k - an uncursed ring of see invisible
 l - the ring "Fuevvoig" (right hand) {rF+ MR++ Str+2 Acc+2}
   (You bought it in a shop on level 1 of the Vaults)

   [ring of strength]

   It affects your strength (+2).
   It affects your accuracy with ranged weapons and melee attacks (+2).
   It protects you from fire.
   It affects your resistance to hostile enchantments.
 o - an uncursed amulet of stasis
 p - the amulet of the Queen {rCorr rC+}
   (You took it off a deep elf blademaster on level 3 of the Elven Halls)

   [amulet of resist corrosion]

   It protects you from cold.
 A - a +3,+6 ring of slaying
 P - an uncursed amulet of clarity
 Q - the ring of Skaforio {rN+ Str+2 Int+3}
   (You found it on level 5 of the Vaults)

   [ring of positive energy]

   It affects your strength (+2).
   It affects your intelligence (+3).
 U - a ring of protection from fire (left hand)
Potions
 e - 2 potions of speed
 u - 22 potions of curing
 v - 5 potions of restore abilities
 z - 3 potions of might
 C - 6 potions of heal wounds
 L - a potion of resistance
Miscellaneous
 b - a plain deck of summonings {the Bones, drawn: 1}
 s - a lamp of fire
 t - a legendary deck of summonings {the Pentagram}
 w - a phial of floods (inert)
 y - a disc of storms
 M - a lamp of fire
 T - a lamp of fire
Rods
 d - a +4 rod of venom (12/12)
   (You found it on level 2 of the Realm of Zot)
 B - a +6 rod of fiery destruction (13/13)
   (You took it off a yaktaur captain on level 5 of the Vaults)
 E - a +2 rod of fiery destruction (13/13)
   (You acquired it on level 5 of the Vaults)
 H - a +6 lightning rod (15/15)
   (You acquired it on level 1 of the Depths)
 Y - a +3 rod of frigid destruction (10/10)
   (You found it on level 2 of the Realm of Zot)


   Skills:
 + Level 25.7(27) Fighting
   Level 6.5(11.5) Long Blades
 - Level 11.8(16.8) Axes
 - Level 21.8(26.8) Staves
 - Level 2.0(7.0) Throwing
 + Level 20.0(25.0) Armour
 - Level 14.0(19.0) Dodging
   Level 13.3(18.3) Shields
 - Level 8.0 Invocations
 + Level 24.4 Evocations


You had 24 spell levels left.
You knew the following spells:

 Your Spells              Type           Power        Failure   Level  Hunger
a - Infusion              Chrm           #.....       99%         1    ##.....
b - Magic Dart            Conj           #...         99%         1    ##.....


Dungeon Overview and Level Annotations

Branches:
Dungeon (16/16)            Temple (1/1) D:6             Orc (4/4) D:11
    Elf (3/3) Orc:3          Lair (8/8) D:8          Shoals (5/5) Lair:4
 Spider (5/5) Lair:6        Slime (0/6) Lair:7       Vaults (5/5) D:14
  Blade (0/1) Vaults:4      Crypt (0/5) Vaults:2        Zot (5/5) Depths:6
 Depths (6/6) D:16

Altars:
Ashenzari
Cheibriados
Dithmenos
Elyvilon
Fedhas
Kikubaaqudgha
Makhleb
Nemelex Xobeh
Okawaru
Sif Muna
Trog
Vehumet
Xom
Yredelemnul
Zin
The Shining One
Beogh

Shops:
D:4 (   D:5 =   D:8 (   D:12 *   D:16 :   Orc:2 }%*/   Orc:4 ?!(=*   Elf:1 *
Elf:2 *}   Elf:3 !   Shoals:1 }((   Shoals:4 *   Vaults:1 =   Vaults:2 [
Vaults:3 [   Vaults:5 %%???!?!

Portals:
Hell: Depths:1 Depths:2 Depths:3 Depths:4 Depths:5 Depths:6
Abyss: Depths:3 Depths:4 Depths:6
Pandemonium: Depths:3 Depths:4
Ziggurat: Depths:1

Annotations:
D:3 exclusion: door
D:5 exclusion: door
D:13 exclusion: door
Lair:2 exclusion: door
Spider:5 1 exclusion
Vaults:2 1 exclusion
Zot:2 2 exclusions
Zot:3 6 exclusions
Zot:4 6 exclusions
Zot:5 exclusion: ice statue
Depths:1 exclusions: daeva and 3 more exclusions
Depths:2 exclusion: door
Depths:4 exclusions: downstairs and 4 more exclusions
Depths:6 2 exclusions


Innate Abilities, Weirdness & Mutations

You are resistant to torment.
You are immune to poison.
You can fly continuously.
Your stone body is very resilient (AC +20).
Your wings are large and strong.
You resist negative energy.
You are resistant to electric shocks.
You can survive without breathing.
You are immune to petrification.
You are partially covered in iridescent scales (AC +4).
You are partially covered in yellow scales (AC +2).
You have a fast metabolism.
You are frail (-10% HP).


Message History

The ufetubus barely misses you. The ufetubus closely misses you.
The ufetubus barely misses you.
You slash the ufetubus!
You kill the ufetubus!
There is a staircase leading out of the dungeon here.
Evoke which item? (* to show all) (? for menu, Esc to quit)
Aim the phial where?
Press: ? - help, Shift-Dir - straight line, f - fungus
Aim: a fungus The flood of elemental water hits the fungus.
The fungus is heavily damaged.
The water rises up and takes form.
Evoke which item? (* to show all) (? for menu, Esc to quit)
Zapping:
j - a wand of digging (6)
Press: ? - help, Shift-Dir - straight line, p - fungus The rock shatters into small pieces.
This wand has 5 charges left.
A red devil and a hellion come into view.
The red devil barely misses you.
Your water elemental hits the fungus.
Your water elemental engulfs the fungus in water!
You have escaped!

......##...###.# ##.≈#≈.#####.##.
............##.###..≈≈≈≈≈#≈≈≈.##.
..######.......#.P##≈≈..≈f##≈.##.
..# #####....#ff...≈.P......##.
.######........#.......≈.≈.......
.# #......#.##.#PEEPP........≈...
.###...)..#.##.#≈≈≈......≈....f..
..##...#.......#≈≈P≈........f....
..........2.....@fPP..f..........
..####....#.##4#≈E≈f...≈≈P≈.....#
............##.#PP≈...ff.(.....f#
.....>.........#≈P≈............##
####........#..#≈≈..≈........###
####......###..#.≈P.≈....#####
...............#.≈...#..##
....)..........##################
.................................


You could see a hellion, a red devil and 3 friendly water elementals.

Vanquished Creatures
  4 orbs of fire
  6 ancient liches
  Boris (Vaults:4)
  2 curse toes
  A pandemonium lord (D:6)
  Norris (Shoals:5)
  A Killer Klown (Zot:5)
  Mara (Shoals:5)
  17 golden dragons
  9 bone dragons
  3 electric golems
  Xtahua (Vaults:4)
  Frederick (Vaults:2)
  Nikola (Depths:2)
  Arachne (Spider:5)
  4 liches
  15 tentacled monstrosities
  24 Orb Guardians (Zot:5)
  A titan (Vaults:5)
  A deep elf blademaster (Elf:3)
  A Shadow Fiend (Abyss:1)
  Polyphemus (Shoals:2)
  8 tentacled starspawn
  An Executioner (Abyss:1)
  13 storm dragons
  A player illusion (Shoals:5)
  Rupert (Lair:7)
  An ancient champion (WizLab)
  Kirke (Vaults:2)
  10 shadow dragons
  7 tengu reavers
  5 draconian monks
  Ilsuiw (Shoals:5)
  8 fire giants
  Agnes (Shoals:2)
  12 deep elf sorcerers
  Donald (Spider:5)
  Wiglaf (Spider:5)
  13 ghost moths
  2 iron dragons (Vaults:5)
  3 draconian scorchers
  The ghost of sponge the Wrestler, a powerful MiMo of Trog (Spider:3)
  7 frost giants
  An orc warlord (Vaults:1)
  4 draconian zealots
  Aizul (Vaults:2)
  Louise (Shoals:5)
  4 draconian knights
  9 vault wardens
  4 emperor scorpions (Spider:5)
  2 cacodemons (Abyss:1)
  Jorgrun (Depths:1)
  2 war gargoyles
  3 deep elf demonologists (Elf:3)
  2 draconian annihilators (Zot:4)
  3 draconian shifters
  A spriggan defender (Depths:6)
  4 draconian callers
  45 stone giants
  11 green draconians
  A purple draconian (shapeshifter) (Depths:4)
  3 grey draconians
  5 pale draconians
  3 mottled draconians
  Azrael (D:16)
  6 red draconians
  5 white draconians
  9 deep elf annihilators
  6 yellow draconians
  5 black draconians
  A pale draconian (shapeshifter) (Depths:4)
  10 purple draconians
  A white draconian (shapeshifter) (Vaults:3)
  An unborn (Abyss:1)
  7 merfolk javelineers
  2 blizzard demons
  2 deep elf death magi (Elf:3)
  5 spriggan air magi
  A crystal guardian (Depths:4)
  Snorg (Spider:1)
  10 merfolk impalers
  A green death (D:1)
  20 vault guards
  19 fire dragons
  3 salamander firebrands (Depths:5)
  6 sirens
  28 yaktaur captains
  26 ice dragons
  15 ironheart preservers
  4 great orbs of eyes
  6 deep elf high priests (Elf:3)
  2 ravenous feature mimics
  Fannar (D:16)
  3 ice dragons (shapeshifter) (Depths:4)
  11 hydras
  18 ettins
  10 merfolk aquamancers
  A quicksilver dragon skeleton (Abyss:1)
  3 naga warriors
  2 anacondas (shapeshifter) (Depths:4)
  18 deep troll earth magi
  A ravenous item mimic (Vaults:5)
  7 death cobs
  Erica (Lair:6)
  A satyr (shapeshifter) (Depths:4)
  An alligator snapping turtle (Shoals:5)
  A satyr (Shoals:5)
  6 dancing weapons
  5 spriggan berserkers
  15 death yaks
  2 deep dwarf death knights
  5 rakshasas
  5 hell hogs (Abyss:1)
  15 ogre magi
  A naga sharpshooter (Depths:3)
  8 deep troll shamans
  2 tengu warriors
  6 thrashing horrors
  2 vampire magi
  14 very ugly things
  Urug (D:11)
  21 hell knights
  Nergalle (Orc:3)
  A sun demon (Depths:5)
  4 catoblepae
  2 soul eaters
  A spriggan zombie (Depths:1)
  9 wretched stars
  22 centaur warriors
  A titan skeleton (Abyss:2)
  4 unseen horrors
  A death drake (Abyss:1)
  26 deep elf knights
  A fire crab (shapeshifter) (Depths:1)
  2 spatial maelstroms (Abyss:1)
  17 skeletal warriors
  49 deep trolls
  2 flayed ghosts
  5 iron trolls
  13 sea snakes
  10 deep elf summoners
  29 harpies
  An ice devil (Abyss:1)
  18 orb spiders
  A giant orange brain (Vaults:3)
  3 wizards
  An ice statue (D:14)
  A lindwurm (Zot:2)
  A swamp dragon (Zot:3)
  A lindwurm (shapeshifter) (Depths:4)
  Pikel (D:6)
  A hill giant (shapeshifter) (Elf:3)
  25 ironbrand convokers
  A hellion (Abyss:1)
  17 large abominations
  16 orc knights
  An orc sorcerer (Vaults:5)
  26 hill giants
  A mana viper (shapeshifter) (Vaults:3)
  14 cyclopes
  11 deep elf conjurers
  An oklob plant (Orc:4)
  9 necromancers
  A flaming corpse (Depths:1)
  2 worldbinders
  2 salamander mystics (Depths:2)
  7 red wasps
  33 wolf spiders
  An octopode (shapeshifter) (Depths:5)
  A hell beast (Depths:1)
  5 griffons
  A frost giant skeleton (D:16)
  9 manticores
  A manticore (shapeshifter) (Depths:6)
  2 black mambas (shapeshifter)
  7 elephants
  5 octopodes
  A phantasmal warrior (Vaults:5)
  3 sixfirhies (Abyss:1)
  Maurice (Orc:2)
  20 moths of wrath
  3 naga magi
  A drowned soul (Shoals:1)
  A tormentor (Elf:3)
  An eye of devastation (shapeshifter) (Depths:6)
  13 fauns
  A feature mimic (Lair:3)
  2 guardian serpents (shapeshifter)
  6 orange demons
  2 apocalypse crabs (Abyss:2)
  A spiny frog (shapeshifter) (Vaults:3)
  8 spiny frogs
  11 salamanders
  11 vault sentinels
  9 black mambas
  8 smoke demons
  A vapour (Shoals:5)
  A fire drake (Lair:7)
  8 mermaids
  2 dryads (shapeshifter)
  2 efreet
  A centaur zombie (D:16)
  A red devil (Abyss:1)
  17 raiju (Abyss:1)
  A fire drake (shapeshifter) (Elf:3)
  An iron devil (Depths:2)
  36 yaktaurs
  4 komodo dragons
  6 ancient zymes
  15 demonic crawlers
  An iron troll zombie (Depths:1)
  3 hellwings
  2 wandering mushrooms
  A giant firefly (shapeshifter) (Depths:5)
  26 merfolk
  9 spriggans
  19 deep elf priests
  3 freezing wraiths (Vaults:4)
  2 giant fireflies (Depths:6)
  15 trolls
  A silent spectre (Abyss:2)
  A wind drake (Shoals:5)
  A hydra zombie (D:16)
  Sonja (D:16)
  2 blue devils
  A polar bear (Lair:8)
  A guardian mummy (D:16)
  5 blink frogs (Lair:7)
  26 two-headed ogres
  A wind drake (shapeshifter) (Vaults:1)
  A griffon zombie (D:14)
  8 boulder beetles
  3 basilisks
  A slime creature (shapeshifter) (Depths:4)
  2 ice dragon zombies
  38 jumping spiders
  A fire dragon zombie (Depths:1)
  40 slime creatures
  10 snapping turtles
  3 ravens (Depths:2)
  A grizzly bear (Lair:8)
  53 starcursed masses
  31 trapdoor spiders
  36 tarantellas
  A trapdoor spider (shapeshifter) (Vaults:3)
  30 deep elf magi
  5 fire bats (Abyss:1)
  62 redbacks
  19 sharks
  28 water elementals
  4 hill giant zombies
  An alligator skeleton (Abyss:1)
  7 vampires
  A redback (shapeshifter) (Elf:3)
  3 hungry ghosts
  75 ugly things
  15 hippogriffs
  4 wyverns
  3 ynoxinuls
  35 deep elf fighters
  11 vampire mosquitoes
  43 yaks
  3 elephant slugs
  A yaktaur simulacrum (Vaults:3)
  A steam dragon (D:9)
  A hill giant skeleton (D:14)
  3 wraiths
  4 fire elementals (D:16)
  6 chaos spawn
  13 wolves
  9 neqoxecs
  A naga zombie (Abyss:1)
  3 mottled dragons
  15 hell hounds
  4 human zombies
  5 nagas
  A human skeleton (D:16)
  An ogre skeleton (D:16)
  24 small abominations
  A harpy simulacrum (Depths:4)
  40 orc warriors
  2 black bears
  6 sky beasts
  9 porcupines
  A necrophage (D:12)
  A yellow wasp (shapeshifter) (Vaults:5)
  2 dwarves (Lair:2)
  A manticore zombie (D:16)
  6 phantoms
  A fire dragon simulacrum (Depths:4)
  7 ice beasts
  2 yellow wasps
  An ettin simulacrum (Vaults:2)
  7 giant goldfish
  48 ogres
  A manticore skeleton (D:13)
  55 centaurs
  3 boring beetles
  3 salamander zombies (Depths:2)
  12 giant slugs
  An earth elemental (Abyss:1)
  14 crocodiles
  2 rotting devils (Depths:2)
  2 big kobolds
  6 wargs
  2 yaktaur skeletons
  A cyclops zombie (D:11)
  10 water moccasins
  A hell hound zombie (D:16)
  2 cyclops skeletons
  25 killer bees
  A hippogriff zombie (D:13)
  19 giant frogs
  7 troll zombies (WizLab)
  14 insubstantial wisps
  2 eyes of draining
  3 electric eels
  3 wights
  6 quasits
  A giant frog zombie (D:4)
  8 goliath beetles
  32 spiders
  9 crimson imps
  A kobold zombie (D:16)
  11 jellies
  12 hounds
  29 orc priests
  9 big fish
  37 orc wizards
  A two-headed ogre zombie (D:6)
  7 scorpions
  12 orange rats
  A spectral orc (Orc:3)
  38 sheep
  11 iguanas
  11 iron imps
  10 worker ants
  8 ogre zombies (WizLab)
  A big kobold skeleton (D:13)
  A hound zombie (D:9)
  7 boggarts
  A mummy (D:12)
  3 gnolls (D:5)
  2 orc zombies
  An adder (shapeshifter) (Vaults:5)
  27 adders
  41 green rats
  6 giant mites
  2 giant centipedes
  4 white imps (Abyss:1)
  6 worms
  5 ufetubi
  An iguana zombie (D:5)
  8 giant eyeballs
  An adder skeleton (D:4)
  8 giant geckos
  186 orcs
  5 giant cockroaches
  21 hobgoblins
  14 jackals
  21 kobolds
  An ooze (D:2)
  15 quokkas
  A ball python (D:1)
  21 bats
  6 giant newts
  A giant spore (D:14)
  14 goblins
  8 illusory rakshasas
  A kobold skeleton (D:5)
  2 lurking horrors (Abyss:1)
  A quokka zombie (D:6)
  23 rats
  2 ballistomycetes
  2 crawling corpses (Elf:2)
  7 fungi
  16 plants
  A starspawn tentacle (Abyss:2)
3185 creatures vanquished.

Vanquished Creatures (collateral kills)
  A yaktaur captain (Depths:1)
  A deep troll shaman (Depths:1)
  A snapping turtle (Shoals:5)
  An orc warrior (Vaults:1)
  A hell hound zombie (D:16)
  A giant spore (D:9)
  A starspawn tentacle (Abyss:2)
7 creatures vanquished.

Vanquished Creatures (others)
  A fire giant (Depths:3)
  A draconian zealot (Zot:2)
  A deep elf death mage (Elf:3)
  15 vault guards (Vaults:5)
  2 deep elf high priests (Elf:3)
  An ice dragon (Zot:3)
  An ogre mage (Depths:2)
  A deep troll (Depths:5)
  2 wolf spiders (Spider:5)
  4 drowned souls
  11 fire elementals
  A vapour (Shoals:5)
  2 water elementals (Depths:5)
  2 humans (Vaults:2)
  2 deep elf fighters (Elf:2)
  A hill giant skeleton (D:16)
  3 small abominations
  3 ogres
  A slave (D:6)
  A warg (Orc:3)
  A spider (Spider:5)
  An orc priest (D:6)
  2 orcs
  A quokka (D:6)
  A giant spore (Abyss:1)
  5 illusory rakshasas
  A lurking horror (Abyss:1)
  5 fungi
  12 plants
  14 starspawn tentacles
  66 starspawn tentacle segments
165 creatures vanquished.

Grand Total: 3357 creatures vanquished

Notes
Turn   | Place    | Note
--------------------------------------------------------------
     0 | D:1      | Psiweapon, the Gargoyle Gladiator, began the quest for the Orb.
     0 | D:1      | Reached XP level 1. HP: 12/12 MP: 1/1
   831 | D:1      | Reached XP level 2. HP: 17/17 MP: 2/2
   934 | D:2      | Reached skill level 4 in Staves
  1099 | D:2      | Reached XP level 3. HP: 16/21 MP: 3/3
  1412 | D:2      | Reached skill level 5 in Staves
  1504 | D:3      | Reached XP level 4. HP: 22/26 MP: 4/4
  2285 | D:3      | Reached skill level 6 in Staves
  2340 | D:3      | Reached XP level 5. HP: 27/30 MP: 5/5
  2404 | D:3      | Found a deep blue altar of Sif Muna.
  2787 | D:5      | Entered Level 5 of the Dungeon
  3275 | D:4      | Noticed an ogre
  3283 | D:4      | Killed an ogre
  3283 | D:4      | Reached skill level 7 in Staves
  3283 | D:4      | Reached XP level 6. HP: 21/35 MP: 6/6
  3485 | D:4      | Found Pnijo's Antique Weapon Boutique.
  3995 | D:5      | Noticed an ogre
  4004 | D:5      | Killed an ogre
  4004 | D:5      | Reached skill level 8 in Staves
  4052 | D:5      | Found Arghod's Jewellery Shop.
  4173 | D:5      | Reached XP level 7. HP: 40/40 MP: 7/7
  4192 | D:5      | Found a blossoming altar of Fedhas.
  4424 | D:5      | Noticed a wandering mushroom
  4714 | D:5      | Reached skill level 9 in Staves
  4758 | D:5      | Reached skill level 1 in Armour
  4941 | D:6      | Reached XP level 8. HP: 41/46 MP: 8/8
  4945 | D:6      | Found a staircase to the Ecumenical Temple.
  4950 | Temple   | Entered the Ecumenical Temple
  5010 | Temple   | Became a worshipper of Warmaster Okawaru
  5119 | D:6      | Got a faintly glowing scale mail
  5415 | D:5      | Reached skill level 5 in Fighting
  5445 | D:5      | Acquired Okawaru's first power
  5656 | D:6      | Reached skill level 5 in Armour
  5709 | D:6      | Noticed Pikel
  5728 | D:6      | Killed Pikel
  5728 | D:6      | Reached XP level 9. HP: 51/56 MP: 6/9
  6008 | D:4      | Bought a crystal quarterstaff for 216 gold pieces
  6009 | D:4      | Identified the +8,+3 quarterstaff "Syel Ogh" {crush, *Tele rElec rPois} (You bought it in a shop on level 4 of the Dungeon)
  6295 | D:6      | Got a polished leather armour
  6908 | D:8      | Found a staircase to the Lair.
  7179 | Lair:1   | Entered Level 1 of the Lair of Beasts
  7446 | Lair:2   | Noticed a komodo dragon
  7454 | Lair:2   | Killed a komodo dragon
  7454 | Lair:2   | Reached XP level 10. HP: 66/66 MP: 7/10
  7477 | Lair:2   | Noticed a black mamba
  7482 | Lair:2   | Killed a black mamba
  7714 | Lair:2   | Noticed a spiny frog
  7728 | Lair:2   | Killed a spiny frog
  7755 | Lair:2   | Reached skill level 10 in Fighting
  7756 | Lair:2   | Noticed a spiny frog
  7766 | Lair:2   | Killed a spiny frog
  8037 | Lair:2   | Found an iron altar of Okawaru.
  8050 | Lair:2   | Reached skill level 10 in Armour
  8217 | Lair:2   | Identified the cursed -2 leather armour of Opixa {rC+} (You found it on level 6 of the Dungeon)
  8233 | Lair:2   | Identified the +1 scale mail of the Dolphin {Dex+2 Dam+2} (You found it on level 6 of the Dungeon)
  8418 | Lair:1   | Noticed a komodo dragon
  8431 | Lair:1   | Killed a komodo dragon
  8452 | Lair:1   | Got a twisted broad axe
  8700 | Lair:1   | Identified the +9,+9 broad axe "Gargoyle's Curse" {venom, Str+1 Int+3 Stlth++} (You found it on level 1 of the Lair of Beasts)
  8710 | Lair:1   | Reached skill level 1 in Axes
  9251 | D:8      | Reached XP level 11. HP: 73/73 MP: 11/11
  9280 | D:8      | Found Kludaep's Antique Weapon Boutique.
  9343 | D:8      | Bought a runed quarterstaff for 136 gold pieces
  9763 | D:9      | Acquired Okawaru's second power
  9841 | D:9      | Reached skill level 5 in Dodging
  9974 | D:9      | Found a glowing silver altar of Zin.
  9975 | D:9      | Noticed an angel
  9976 | D:9      | Found a shimmering altar of Xom.
 10343 | D:10     | Entered Level 10 of the Dungeon
 10445 | D:10     | Reached skill level 5 in Axes
 10791 | D:10     | Noticed a hill giant
 10801 | D:10     | Killed a hill giant
 10801 | D:10     | Received a gift from Okawaru
 11085 | D:10     | Identified the Almanac of Contamination
 11153 | D:10     | Noticed a hill giant
 11168 | D:10     | Killed a hill giant
 11593 | D:11     | Reached skill level 1 in Invocations
 11611 | D:11     | Noticed Urug
 11623 | D:11     | Killed Urug
 12313 | Lair:3   | Reached XP level 12. HP: 78/78 MP: 16/18
 13020 | Lair:4   | Reached skill level 1 in Evocations
 13664 | Lair:4   | Found a blossoming altar of Fedhas.
 14072 | Lair:4   | Found a staircase to the Shoals.
 14723 | Lair:5   | Reached skill level 5 in Evocations
 14739 | Lair:5   | Received a gift from Okawaru
 15133 | Lair:5   | Noticed a death yak
 15134 | Lair:5   | Noticed a death yak
 15170 | Lair:5   | Killed a death yak
 15257 | Lair:5   | Noticed a death yak
 15390 | Lair:5   | Killed a death yak
 15401 | Lair:5   | Killed a death yak
 15759 | Lair:6   | Reached XP level 13. HP: 83/83 MP: 23/23
 15895 | Lair:6   | Identified a +0 rod of venom (10/10) (You found it on level 6 of the Lair of Beasts)
 16355 | Lair:6   | Reached skill level 1 in Shields
 16358 | Lair:6   | Reached skill level 10 in Axes
 16683 | Lair:6   | Found a hole to the Spider Nest.
 16785 | Lair:6   | Reached skill level 5 in Invocations
 16863 | Lair:6   | Noticed Erica
 17105 | Lair:6   | Killed Erica
 17589 | Lair:7   | Received a gift from Okawaru
 17680 | Lair:7   | Noticed Rupert
 17698 | Lair:7   | Killed Rupert
 17698 | Lair:7   | Reached skill level 5 in Shields
 17910 | Lair:7   | Noticed an acid blob
 17911 | Lair:7   | Noticed an acid blob
 17912 | Lair:7   | Found a staircase to the Slime Pits.
 18389 | Lair:8   | Entered Level 8 of the Lair of Beasts
 18779 | Lair:8   | Gained mutation: Your wings are large and strong. [gargoyle growth]
 18779 | Lair:8   | Reached XP level 14. HP: 83/88 MP: 25/25
 18792 | Lair:8   | Received a gift from Okawaru
 19827 | Spider:1 | Entered Level 1 of the Spider Nest
 19885 | Spider:1 | Noticed Snorg
 19902 | Spider:1 | Killed Snorg
 20444 | Spider:2 | Reached skill level 10 in Shields
 20676 | Spider:2 | Reached skill level 10 in Evocations
 20724 | Spider:2 | Received a gift from Okawaru
 20739 | Spider:2 | Identified a +2 cloak of preservation (Okawaru gifted it to you on level 2 of the Spider Nest)
 21128 | Spider:3 | Noticed sponge's ghost (powerful MiMo)
 21204 | Spider:2 | Noticed a ghost moth
 21217 | Spider:2 | Killed a ghost moth
 21217 | Spider:2 | Reached skill level 11 in Shields
 21454 | Spider:3 | Killed sponge's ghost
 21637 | Spider:3 | Reached XP level 15. HP: 75/93 MP: 29/29
 22220 | Spider:3 | Received a gift from Okawaru
 22223 | Spider:3 | Reached skill level 12 in Shields
 23477 | Spider:5 | Entered Level 5 of the Spider Nest
 23477 | Spider:5 | Noticed Donald
 24054 | Spider:5 | Noticed Wiglaf
 24060 | Spider:5 | Noticed Arachne
 24079 | Spider:5 | Killed Wiglaf
 24079 | Spider:5 | Reached skill level 13 in Shields
 24102 | Spider:5 | Killed Arachne
 24307 | Spider:5 | Received a gift from Okawaru
 24313 | Spider:5 | Got an ancient helmet {god gift}
 24317 | Spider:5 | Identified the +0 helmet "Rearuet" {+Inv Int+1} (Okawaru gifted it to you on level 5 of the Spider Nest)
 24724 | Spider:5 | Reached XP level 16. HP: 98/98 MP: 30/30
 25239 | Spider:5 | Received a gift from Okawaru
 25364 | Spider:5 | Got a gossamer rune of Zot
 25871 | Spider:5 | Killed Donald
 26183 | Spider:5 | Reached skill level 14 in Armour
 26984 | D:11     | Found a staircase to the Orcish Mines.
 27015 | Orc:1    | Entered Level 1 of the Orcish Mines
 27689 | Orc:2    | Found Brofomm's Gadget Emporium.
 27832 | Orc:2    | Noticed Maurice
 27852 | Orc:2    | Killed Maurice
 27893 | Orc:2    | Found Traled's Magical Wand Boutique.
 27916 | Orc:2    | Bought a wand of disintegration (14) for 252 gold pieces
 27916 | Orc:2    | Bought a wand of teleportation (6) for 420 gold pieces
 27953 | Orc:2    | Found Yzam's General Store.
 27979 | Orc:2    | Bought a scroll of blinking for 71 gold pieces
 28054 | Orc:2    | Found Ryiwnuse's Food Shop.
 28072 | Orc:3    | Found a staircase to the Elven Halls.
 28116 | Orc:3    | Found a roughly hewn altar of Beogh.
 28401 | Orc:3    | Noticed Nergalle
 28419 | Orc:3    | Killed Nergalle
 28845 | Orc:4    | Entered Level 4 of the Orcish Mines
 28845 | Orc:4    | Found Thoelumux's Magic Scroll Boutique.
 28905 | Orc:4    | Bought a scroll of recharging for 66 gold pieces
 29314 | Orc:4    | Found a roughly hewn altar of Beogh.
 29349 | Orc:4    | Reached XP level 17. HP: 67/103 MP: 26/32
 29371 | Orc:4    | Received a gift from Okawaru
 29601 | Orc:4    | Found Atines' Jewellery Shop.
 29613 | Orc:4    | Found Kitawen's Distillery.
 29616 | Orc:4    | Found Lyocvy's Assorted Antiques.
 29619 | Orc:4    | Found Huysiaz's Weapon Shoppe.
 29673 | Orc:4    | Bought a potion of magic for 126 gold pieces
 29673 | Orc:4    | Bought a potion of strong poison for 36 gold pieces
 29694 | Orc:4    | Bought a scroll of identify for 64 gold pieces
 30366 | Lair:2   | Identified a scroll of acquirement
 31432 | D:12     | Found Wutarom's General Store.
 31441 | D:12     | Bought a +0 blowgun for 32 gold pieces
 31923 | D:13     | Received a gift from Okawaru
 32023 | D:13     | Paralysed by a giant eyeball for 2 turns
 32039 | D:13     | Paralysed by a giant eyeball for 3 turns
 32433 | D:14     | Reached skill level 1 in Long Blades
 32646 | D:14     | Found a gate to the Vaults.
 32871 | D:14     | Got a brightly glowing plate armour
 32873 | D:14     | Identified the +9 plate armour "Haekk" {Str+2 Dex+3 Dam+4} (You found it on level 14 of the Dungeon)
 33153 | D:14     | Paralysed by a giant eyeball for 4 turns
 33428 | D:15     | Entered Level 15 of the Dungeon
 33657 | Vaults:1 | Entered Level 1 of the Vaults
 33998 | Vaults:1 | Found Vaesham's Jewellery Shop.
 34027 | Vaults:1 | Bought the ring "Fuevvoig" {rF+ MR++ Str+2 Acc+2} for 621 gold pieces
 34150 | Vaults:1 | Reached skill level 5 in Long Blades
 34643 | Shoals:1 | Entered Level 1 of the Shoals
 34761 | Shoals:1 | Received a gift from Okawaru
 34884 | Shoals:1 | Found Seapigoe's Antique Weapon Shop.
 34908 | Shoals:1 | Bought a brightly glowing broad axe for 264 gold pieces
 34909 | Shoals:1 | Identified the cursed -2,+0 broad axe of Fimbulwinter {chop, rF+ rC- MR++ SInv} (You bought it in a shop on level 1 of the Shoals)
 34966 | Shoals:1 | Found Pneut's Weapon Shop.
 35152 | Shoals:1 | Found Ifeka's Gadget Shoppe.
 35568 | Shoals:2 | Noticed Agnes
 35577 | Shoals:2 | Killed Agnes
 36138 | Shoals:2 | Reached skill level 15 in Armour
 36170 | Shoals:2 | Reached XP level 18. HP: 117/117 MP: 33/33
 36241 | Shoals:2 | Noticed Polyphemus
 36271 | Shoals:2 | Killed Polyphemus
 36271 | Shoals:2 | Received a gift from Okawaru
 36279 | Shoals:2 | Reached skill level 15 in Fighting
 37719 | Orc:4    | Bought a scroll of identify for 24 gold pieces
 37719 | Orc:4    | Bought a scroll of enchant armour for 66 gold pieces
 37719 | Orc:4    | Bought a scroll of enchant armour for 66 gold pieces
 37772 | Orc:4    | Bought an uncursed amulet of clarity for 340 gold pieces
 39169 | Shoals:4 | Reached skill level 16 in Fighting
 39533 | Shoals:4 | Found Onustuk's Assorted Antiques.
 39618 | Shoals:5 | Entered Level 5 of the Shoals
 39698 | Shoals:5 | Noticed Ilsuiw
 39736 | Shoals:5 | Received a gift from Okawaru
 39747 | Shoals:5 | Killed Ilsuiw
 39780 | Shoals:5 | Got a brightly glowing cloak {god gift}
 39882 | Shoals:5 | Identified the +2 cloak "Zooralor" {rF+ Stlth++} (Okawaru gifted it to you on level 5 of the Shoals)
 40067 | Shoals:5 | Noticed Norris
 40479 | Shoals:5 | Killed Norris
 40626 | Shoals:5 | Reached skill level 17 in Fighting
 40883 | Shoals:5 | Got a barnacled rune of Zot
 41054 | Shoals:5 | Noticed Mara
 41055 | Shoals:5 | Noticed Mara
 41056 | Shoals:5 | Noticed Psiweapon's illusion
 41119 | Shoals:5 | Killed Psiweapon's illusion
 41144 | Shoals:5 | Killed Mara
 41144 | Shoals:5 | Reached XP level 19. HP: 84/128 MP: 34/34
 41785 | Shoals:5 | Noticed Louise
 41818 | Shoals:5 | Killed Louise
 41970 | Shoals:5 | Reached skill level 10 in Staves
 42658 | Vaults:1 | Found a roughly hewn altar of Beogh.
 42670 | Vaults:1 | Received a gift from Okawaru
 44442 | Vaults:2 | Found a staircase to the Crypt.
 44442 | Vaults:2 | Found an ancient bone altar of Kikubaaqudgha.
 44443 | Vaults:2 | Found a basalt altar of Yredelemnul.
 44550 | Vaults:2 | Received a gift from Okawaru
 44551 | Vaults:2 | Got an ichor-stained lajatang {god gift}
 44553 | Vaults:2 | Identified the +7,+7 lajatang of Awkiyrio {slice, Hunger +Blink rElec rPois rN+ SInv} (Okawaru gifted it to you on level 2 of the Vaults)
 45082 | Vaults:2 | Noticed Frederick
 45097 | Vaults:2 | Killed Frederick
 45337 | Vaults:2 | Received a gift from Okawaru
 45395 | Vaults:2 | Noticed Aizul
 45410 | Vaults:2 | Killed Aizul
 45505 | Vaults:2 | Found Fubang's Antique Armour Emporium.
 45514 | Vaults:2 | Noticed Kirke
 45530 | Vaults:2 | Killed Kirke
 45575 | Vaults:2 | Reached XP level 20. HP: 134/134 MP: 33/35
 45863 | Vaults:2 | Reached skill level 15 in Staves
 46593 | Vaults:3 | Found Thorruc's Armour Shoppe.
 47780 | Vaults:4 | Received a gift from Okawaru
 48074 | Vaults:3 | Got a transparent bow
 48075 | Vaults:3 | Identified the cursed +0,+1 bow of the Fifty Ships {flame, SInv} (You found it on level 3 of the Vaults)
 48257 | Vaults:3 | Gained mutation: You are somewhat resistant to further mutation. [mutagenic meat]
 48260 | Vaults:3 | Gained mutation: You are frail (-10% HP). [mutagenic meat]
 48268 | Vaults:3 | Gained mutation: You have large cloven feet. [mutagenic meat]
 48640 | Lair:2   | Gained mutation: You have a pair of small horns on your head. [potion of mutation]
 48642 | Lair:2   | Gained mutation: You have a slow metabolism. [potion of mutation]
 48642 | Lair:2   | Gained mutation: You tend to lose your temper in combat. [potion of mutation]
 48646 | Lair:2   | Lost mutation: You tend to lose your temper in combat. [potion of cure mutation]
 48646 | Lair:2   | Lost mutation: You are somewhat resistant to further mutation. [potion of cure mutation]
 48646 | Lair:2   | Lost mutation: You have a slow metabolism. [potion of cure mutation]
 48646 | Lair:2   | Lost mutation: You are frail (-10% HP). [potion of cure mutation]
 48647 | Lair:2   | Lost mutation: You have large cloven feet. [potion of cure mutation]
 48647 | Lair:2   | Lost mutation: You have a pair of small horns on your head. [potion of cure mutation]
 49323 | Vaults:4 | Found a staircase to the Hall of Blades.
 50113 | Vaults:4 | Noticed Xtahua
 50129 | Vaults:4 | Killed Xtahua
 50129 | Vaults:4 | Reached skill level 10 in Dodging
 50897 | Elf:1    | Entered Level 1 of the Elven Halls
 51057 | Elf:1    | Received a gift from Okawaru
 51290 | Elf:1    | Reached XP level 21. HP: 139/139 MP: 36/36
 51693 | Elf:1    | Found Kliaja's General Store.
 53018 | Elf:2    | Found Telowos' Gadget Boutique.
 53192 | Elf:2    | Found Wuafump's Assorted Antiques.
 53235 | Elf:3    | Entered Level 3 of the Elven Halls
 53338 | Elf:3    | Found a magical portal.
 53350 | WizLab   | Entered a wizard's laboratory
 53531 | WizLab   | Reached skill level 15 in Evocations
 53577 | WizLab   | Noticed an antique lich
 53587 | WizLab   | Killed an antique lich
 53662 | WizLab   | Identified a +4 rod of striking (13/13) (You acquired it in a wizard's laboratory)
 54246 | Orc:2    | Bought a wand of invisibility (5) for 117 gold pieces
 54246 | Orc:2    | Bought a scroll of identify for 26 gold pieces
 54471 | Lair:2   | Learned a level 1 spell: Infusion
 54473 | Lair:2   | Learned a level 1 spell: Magic Dart
 54924 | Elf:3    | Found Wuyqul's Distillery.
 55175 | Elf:3    | Received a gift from Okawaru
 55176 | Elf:3    | Got an iridescent falchion {god gift}
 56804 | Elf:3    | Got a pitted amethyst amulet
 57535 | Elf:3    | Received a gift from Okawaru
 58685 | Elf:3    | Identified the amulet of the Queen {rCorr rC+} (You took it off a deep elf blademaster on level 3 of the Elven Halls)
 59486 | Elf:3    | Got a heavily runed cloak
 59489 | Elf:3    | Identified the cursed +2 cloak of Cheibriados' Approval {Stlth} (You found it on level 3 of the Elven Halls)
 59507 | Elf:3    | Got a slimy bow
 59716 | Elf:3    | Got a transparent iron ring
 59717 | Elf:3    | Identified the cursed ring of Dofiqoekh {Str+3 Dex-2} (You took it off a deep elf annihilator on level 3 of the Elven Halls)
 60370 | Shoals:4 | Bought a scroll of identify for 80 gold pieces
 60549 | Lair:2   | Reached XP level 22. HP: 145/145 MP: 37/37
 61748 | D:16     | Entered Level 16 of the Dungeon
 61748 | D:16     | Noticed Fannar
 61759 | D:16     | Killed Fannar
 62023 | D:16     | Found a staircase to the Depths.
 62036 | D:16     | Noticed Azrael
 62039 | D:16     | Noticed Sonja
 62048 | D:16     | Killed Azrael
 62052 | D:16     | Killed Sonja
 62057 | D:16     | Received a gift from Okawaru
 62254 | D:16     | Identified a +0 pair of boots of running (Okawaru gifted it to you on level 16 of the Dungeon)
 62265 | D:16     | Found Reavuor's Book Emporium.
 62685 | Depths:1 | Entered Level 1 of the Depths
 62761 | Depths:1 | Found a gateway to a ziggurat.
 62866 | Depths:1 | Found a gateway to Hell.
 63008 | Depths:1 | Found a sparkling altar of Nemelex Xobeh.
 63459 | Depths:1 | Noticed Jorgrun
 63476 | Depths:1 | Killed Jorgrun
 64289 | Depths:1 | Got a transparent glass ring
 64293 | Depths:1 | Identified Zoicud's Reference Book on Dark Talismans
 65593 | Depths:2 | Reached skill level 18 in Evocations
 65692 | Depths:2 | Received a gift from Okawaru
 65761 | Depths:2 | Noticed Nikola
 65775 | Depths:2 | Killed Nikola
 65977 | Depths:2 | Reached XP level 23. HP: 126/150 MP: 39/39
 67352 | Depths:3 | Reached skill level 19 in Evocations
 67354 | Depths:3 | Received a gift from Okawaru
 67572 | Depths:3 | Found a one-way gate to the infinite horrors of the Abyss.
 69199 | Depths:3 | Got an ivory long sword
 69416 | Depths:3 | Received a gift from Okawaru
 69433 | Depths:3 | Got a smoking broad axe
 69583 | Depths:3 | Reached skill level 20 in Evocations
 69701 | Depths:3 | Found a one-way gate leading to the halls of Pandemonium.
 71035 | Vaults:4 | Identified the ring "Heobom" {SustAb Dex+3 Int+2} (You found it on level 1 of the Depths)
 71495 | Depths:4 | Noticed an ancient lich
 71505 | Depths:4 | Killed an ancient lich
 71650 | Depths:4 | Identified a +3 rod of venom (11/11) (You acquired it on level 4 of the Depths)
 72112 | Depths:4 | Reached skill level 21 in Evocations
 72171 | Depths:4 | Received a gift from Okawaru
 72488 | Depths:4 | Reached XP level 24. HP: 149/156 MP: 41/41
 73991 | D:5      | Bought an uncursed amulet of resist mutation for 440 gold pieces
 74481 | Depths:3 | Voluntarily entered the Abyss.
 75923 | Abyss:1  | Paralysed by accursed screaming for 1 turns
 75981 | Abyss:1  | Gained mutation: You tend to lose your temper in combat. [a neqoxec]
 76393 | Abyss:1  | Paralysed by accursed screaming for 1 turns
 76869 | Abyss:2  | Paralysed by an apocalypse crab for 3 turns
 76985 | Abyss:2  | Paralysed by you for 3 turns
 77091 | Depths:3 | Escaped the Abyss
 77752 | Depths:1 | Gained mutation: You are partially covered in iridescent scales (AC +4). [potion of mutation]
 77752 | Depths:1 | Gained mutation: You are partially covered in yellow scales (AC +2). [potion of mutation]
 77752 | Depths:1 | Lost mutation: You tend to lose your temper in combat. [potion of mutation]
 77816 | Depths:3 | Voluntarily entered the Abyss.
 78198 | Abyss:1  | Received a gift from Okawaru
 78200 | Abyss:1  | Paralysed by accursed screaming for 2 turns
 78633 | Abyss:3  | Got an abyssal rune of Zot
 78707 | Abyss:3  | Reached XP level 25. HP: 150/166 MP: 41/41
 78719 | Abyss:3  | Found a corrupted altar of Lugonu.
 78739 | Depths:3 | Escaped the Abyss
 79773 | Elf:3    | Got an ichor-stained long sword {god gift}
 80733 | Vaults:5 | Entered Level 5 of the Vaults
 80757 | Vaults:5 | Noticed Boris
 81237 | Vaults:1 | Bought an uncursed ring of teleport control for 950 gold pieces
 82659 | Depths:5 | Received a gift from Okawaru
 83204 | Depths:6 | Entered Level 6 of the Depths
 84374 | Vaults:4 | Killed Boris
 84623 | Vaults:5 | Received a gift from Okawaru
 84741 | Vaults:4 | Identified a +6 rod of fiery destruction (13/13) (You took it off a yaktaur captain on level 5 of the Vaults)
 85016 | Vaults:5 | Reached XP level 26. HP: 156/177 MP: 39/42
 85029 | Vaults:5 | Received a gift from Okawaru
 85369 | Vaults:5 | Got a smoking jade ring
 85370 | Vaults:5 | Identified the ring of Skaforio {rN+ Str+2 Int+3} (You found it on level 5 of the Vaults)
 85451 | Vaults:5 | Found Eda Stra's Food Boutique.
 85451 | Vaults:5 | Found Striti's Food Emporium.
 85456 | Vaults:5 | Found Epaismuh's Magic Scroll Shoppe.
 85506 | Vaults:5 | Found Klipp's Distillery.
 85508 | Vaults:5 | Found Kuzotig's Magic Scroll Shoppe.
 85514 | Vaults:5 | Found Xatwea's Distillery.
 85526 | Vaults:5 | Found Baxzal's Magic Scroll Shoppe.
 85536 | Vaults:5 | Found Uriakif's Magic Scroll Boutique.
 85819 | Vaults:5 | Received a gift from Okawaru
 86151 | Vaults:5 | Got a silver rune of Zot
 86339 | Vaults:5 | Bought a scroll of enchant armour for 104 gold pieces
 86359 | Vaults:5 | Bought a scroll of enchant armour for 126 gold pieces
 86368 | Vaults:5 | Bought a potion of curing for 24 gold pieces
 86368 | Vaults:5 | Bought a potion of curing for 24 gold pieces
 86368 | Vaults:5 | Bought a potion of heal wounds for 36 gold pieces
 86368 | Vaults:5 | Bought a potion of heal wounds for 36 gold pieces
 86368 | Vaults:5 | Bought a potion of curing for 24 gold pieces
 86368 | Vaults:5 | Bought a potion of heal wounds for 36 gold pieces
 86380 | Vaults:5 | Bought a scroll of enchant armour for 126 gold pieces
 86380 | Vaults:5 | Bought a scroll of enchant weapon I for 126 gold pieces
 86702 | Depths:6 | Reached skill level 22 in Fighting
 86817 | Depths:6 | Paralysed by a giant eyeball for 4 turns
 87178 | Depths:6 | Found a gate to the Realm of Zot.
 87346 | Depths:6 | Got a slimy turquoise ring
 87380 | Depths:6 | Identified the cursed ring "Foasah" {rC+ AC-5} (You took it off a yaktaur captain on level 6 of the Depths)
 88090 | Zot:1    | Entered Level 1 of the Realm of Zot
 88406 | Zot:1    | Noticed an orb of fire
 88406 | Zot:1    | Gained mutation: You are clumsy. (Dex -2) [an orb of fire]
 88429 | Zot:1    | Killed an orb of fire
 88429 | Zot:1    | Reached XP level 27. HP: 139/186 MP: 39/43
 88470 | Zot:1    | Reached skill level 23 in Fighting
 88528 | Zot:1    | Received a gift from Okawaru
 88983 | Vaults:5 | Bought a scroll of magic mapping for 66 gold pieces
 89005 | Vaults:5 | Bought a scroll of magic mapping for 80 gold pieces
 89010 | Vaults:5 | Bought a scroll of acquirement for 1196 gold pieces
 89015 | Vaults:5 | Bought a scroll of identify for 46 gold pieces
 89017 | Vaults:5 | Identified a +2 rod of fiery destruction (13/13) (You acquired it on level 5 of the Vaults)
 89597 | Orc:2    | Bought a wand of hasting (6) for 840 gold pieces
 90795 | Zot:2    | Identified a +4 rod of venom (12/12) (You found it on level 2 of the Realm of Zot)
 90801 | Zot:2    | Identified a +3 rod of frigid destruction (10/10) (You found it on level 2 of the Realm of Zot)
 91201 | Zot:2    | Gained mutation: You are frail (-10% HP). [a Zot trap]
 91238 | Zot:2    | Got a fine cloak
 91242 | Zot:2    | Identified the cursed -2 cloak of Dawn {+Blink rN+ Acc+4} (You found it on level 2 of the Realm of Zot)
 92025 | Zot:3    | Received a gift from Okawaru
 92760 | Zot:3    | Reached skill level 24 in Fighting
 93164 | Zot:3    | Received a gift from Okawaru
 93564 | Zot:4    | Received a gift from Okawaru
 93957 | Zot:5    | Entered Level 5 of the Realm of Zot
 94868 | Zot:5    | Noticed an orb of fire
 94871 | Zot:5    | Gained mutation: Your magical capacity is low (-10% MP). [an orb of fire]
 94882 | Zot:5    | Noticed an ancient lich
 94882 | Zot:5    | Killed an orb of fire
 94894 | Zot:5    | Killed an ancient lich
 94933 | Zot:5    | Reached skill level 25 in Fighting
 95173 | Zot:5    | Noticed an ancient lich
 95176 | Zot:5    | Noticed an orb of fire
 95176 | Zot:5    | Gained mutation: You are very frail (-20% HP). [an orb of fire]
 95178 | Zot:5    | Gained mutation: Your body is slowly deteriorating. [an orb of fire]
 95252 | Zot:5    | Gained mutation: Your magical capacity is very low (-20% MP). [an orb of fire]
 95272 | Zot:5    | Killed an ancient lich
 95401 | Zot:5    | Killed an orb of fire
 95553 | Zot:5    | Noticed an ancient lich
 95560 | Zot:5    | Killed an ancient lich
 95560 | Zot:5    | Received a gift from Okawaru
 95561 | Zot:5    | Got a transparent broad axe {god gift}
 95699 | Zot:5    | Noticed an orb of fire
 95699 | Zot:5    | Gained mutation: You have a fast metabolism. [an orb of fire]
 95718 | Zot:5    | Killed an orb of fire
 95729 | Zot:5    | Noticed an ancient lich
 95804 | Zot:5    | Killed an ancient lich
 96025 | Zot:2    | Lost mutation: Your magical capacity is very low (-20% MP). [potion of cure mutation]
 96025 | Zot:2    | Lost mutation: You are very frail (-20% HP). [potion of cure mutation]
 96025 | Zot:2    | Lost mutation: Your body is slowly deteriorating. [potion of cure mutation]
 96025 | Zot:2    | Lost mutation: Your magical capacity is low (-10% MP). [potion of cure mutation]
 96025 | Zot:2    | Lost mutation: You are clumsy. (Dex -2) [potion of cure mutation]
 96401 | Zot:5    | Received a gift from Okawaru
 96412 | Zot:5    | Got the Orb of Zot
 96959 | D:6      | Noticed Huxegrit the pandemonium lord
 96975 | D:6      | Killed Huxegrit the pandemonium lord
 97128 | D:$      | Escaped with the Orb!

Action                   |  1- 3 |  4- 6 |  7- 9 | 10-12 | 13-15 | 16-18 | 19-21 | 22-24 | 25-27 || total
-------------------------+-------+-------+-------+-------+-------+-------+-------+-------+-------++-------
Melee: Quarterstaff      |   124 |   280 |   470 |    79 |       |       |       |    11 |       ||   964
       Short sword       |       |     6 |       |       |       |       |       |       |       ||     6
       Broad axe         |       |       |       |   509 |   997 |  1682 |    19 |       |       ||  3207
       Scimitar          |       |       |       |       |     9 |     5 |       |       |       ||    14
       Lajatang          |       |       |       |       |       |       |  2005 |  2245 |  2486 ||  6736
Throw: Throwing net      |       |     1 |     1 |     1 |       |       |       |       |       ||     3
       Javelin           |       |     3 |    34 |    23 |    19 |    47 |    25 |    34 |    35 ||   220
       Tomahawk          |       |       |     2 |     3 |       |       |       |       |       ||     5
Invok: Heroism           |       |       |     3 |    10 |     6 |     9 |     9 |     4 |     8 ||    49
       Finesse           |       |       |       |     2 |     5 |     8 |     3 |     4 |    10 ||    32
 Abil: Fly               |       |       |       |       |     1 |       |       |     2 |       ||     3
       Evoke Invisibilit |       |       |       |       |     1 |     5 |       |     1 |     4 ||    11
       Stop Flying       |       |       |       |       |       |       |       |     2 |       ||     2
       Evoke Teleport Co |       |       |       |       |       |       |       |       |     2 ||     2
       Evoke Blink       |       |       |       |       |       |       |       |       |     1 ||     1
Evoke: Wand              |       |     2 |     5 |     5 |    28 |    22 |    15 |    13 |    32 ||   122
       Rod               |       |       |       |       |    11 |    16 |       |    14 |    12 ||    53
       Deck              |       |       |       |       |       |     3 |       |       |     1 ||     4
       Disc of storms    |       |       |       |       |       |       |    14 |    42 |    34 ||    90
       Lamp of fire      |       |       |       |       |       |       |     1 |     3 |     6 ||    10
       Phial of floods   |       |       |       |       |       |       |       |       |     1 ||     1
  Use: Scroll            |     3 |     6 |     2 |    18 |     7 |    23 |    28 |    11 |    36 ||   134
       Potion            |       |       |     2 |     3 |       |     2 |    10 |     8 |    13 ||    38
 Stab: Held in net/web   |       |       |     2 |     1 |     1 |     1 |       |       |       ||     5
       Invisible         |       |       |       |       |     8 |     5 |       |     5 |    29 ||    47
       Distracted        |       |       |       |       |       |     2 |     1 |       |     2 ||     5
       Petrifying        |       |       |       |       |       |     1 |       |       |       ||     1
       Petrified         |       |       |       |       |       |     1 |       |       |       ||     1
       Paralysed         |       |       |       |       |       |       |     1 |     1 |       ||     2
       Confused          |       |       |       |       |       |       |       |       |     1 ||     1
